Map: Honorgrounds LE

Players

Railgan - Winner!

  • Race: Zerg Zerg
  • League: Grandmaster
  • Spawn Location: 1:00

ImmortalPasT

  • Race: Protoss Protoss
  • League: Grandmaster
  • Spawn Location: 7:00

VOD

Have the link to the VOD?

Description

Time

  • Played on: March 13, 2017, 4:53 p.m.
  • Length: 16:31
Show
View Real Time Build Order
Export as new Build Order

Railgan Zerg - Winner!

Build Orders: Hatch First, Swarm Host 

Get SALT Encoding   

  12  0:01  Drone  
  13  0:13  Overlord  
  13  0:18  Drone  
  14  0:31  Drone x2  
  14  0:35  Drone  
  17  0:53  Hatchery  
  17  0:56  Drone  
  17  0:59  Drone  
  18  1:11  Extractor  
  18  1:15  Spawning Pool  
  16  1:19  Drone  
  16  1:21  Drone  
  18  1:28  Drone  
  19  1:39  Overlord  
  19  1:52  Drone  
  20  2:01  Queen  
  20  2:02  Zergling x2  
  20  2:05  Queen  
  20  2:06  Drone  
  26  2:12  Drone  
  27  2:20  Drone  
  27  2:21  Metabolic Boost  
  27  2:22  Drone  
  29  2:27  Drone  
  30  2:33  Drone  
  31  2:38  Overlord  
  31  2:42  Queen  
  33  2:46  Drone  
  33  2:53  Drone  
  33  2:57  Drone  
  35  3:00  Zergling x2  
  36  3:12  Drone x2  
  38  3:13  Zergling x2  
  38  3:14  Lair, Drone x2  
  38  3:15  Drone  
  38  3:16  Drone  
  43  3:23  Overlord  
  43  3:31  Drone  
  43  3:32  Overlord  
  44  3:39  Overlord  
  44  3:43  Extractor, Roach Warren  
  44  3:44  Drone x3, Evolution Chamber  
  44  3:46  Drone x3  
  47  3:51  Drone x2  
  47  3:54  Drone  
  49  3:56  Extractor  
  48  4:09  Hatchery  
  47  4:11  Zerg Missile Weapons Level 1  
  48  4:17  Drone x3  
  50  4:27  Overlord  
  50  4:30  Extractor, Glial Reconstitution  
  51  4:31  Roach x4  
  51  4:33  Roach  
  51  4:37  Roach  
  60  4:41  Overlord  
  60  4:48  Overlord  
  60  4:52  Drone x2  
  62  4:53  Drone  
  63  5:00  Drone x3  
  66  5:08  Infestation Pit  
  66  5:13  Roach x2  
  66  5:14  Drone, Roach  
  71  5:15  Drone  
  71  5:16  Roach  
  71  5:19  Drone  
  71  5:20  Drone  
  77  5:24  Drone  
  79  5:28  Drone x4  
  79  5:33  Roach  
  84  5:42  Drone x2  
  86  5:43  Overlord  
  86  5:45  Roach  
  86  5:46  Roach x2  
  92  5:52  Extractor  
  92  5:54  Extractor  
  90  5:58  Overseer  
  90  5:59  Overlord  
  90  6:08  Zerg Missile Weapons Level 2, Swarm Host x3  
  90  6:09  Swarm Host x2  
  90  6:10  Drone  
  106  6:11  Overlord  
  106  6:12  Overlord  
  106  6:19  Drone x6  
  112  6:31  Drone x3  
  112  6:34  Overlord  
  112  6:40  Swarm Host x4  
  124  6:48  Drone x3  
  124  6:49  Overlord  
  127  6:57  Drone x2  
  127  6:58  Drone  
  128  7:01  Hatchery  
  128  7:02  Overlord  
  127  7:11  Hydralisk Den  
  126  7:16  Burrow  
  126  7:18  Roach x10  
  126  7:19  Overlord  
  146  7:23  Overlord  
  146  7:25  Overlord  
  144  7:30  Overlord  
  144  7:32  Roach  
  144  7:33  Roach x2  
  150  7:41  Roach x3  
  150  7:42  Roach x2  
  160  7:44  Roach  
  160  7:47  Roach  
  164  7:54  Hydralisk x4  
  164  7:57  Muscular Augments  
  172  8:00  Drone  
  172  8:02  Zergling x2  
  172  8:03  Zergling x6  
  177  8:09  Hydralisk  
  177  8:11  Hydralisk  
  181  8:17  Hydralisk x4  
  181  8:18  Overlord  
  189  8:24  Zerg Ground Armor Level 1, Overlord, Spine Crawler  
  189  8:27  Hydralisk  
  181  8:29  Hydralisk  
  181  8:30  Hydralisk x2  
  179  8:43  Hydralisk  
  179  8:46  Zergling x20  
  190  8:53  Drone x3  
  193  8:59  Zergling x6  
  196  9:12  Drone x2  
  196  9:16  Extractor  
  197  9:18  Extractor  
  197  9:21  Spire  
  195  9:24  Infestation Pit  
  195  9:26  Hive  
  195  9:28  Drone x3  
  195  9:29  Drone x2  
  200  9:36  Overlord  
  200  9:37  Overseer x2  
  200  9:38  Pneumatized Carapace  
  199  9:46  Hatchery  
  196  9:58  Roach x4  
  196  9:59  Zergling x2  
  197  10:06  Hydralisk x3  
  197  10:07  Hydralisk x6  
  184  10:09  Hydralisk  
  180  10:15  Zergling x2  
  180  10:16  Zergling x16  
  180  10:20  Roach  
  169  10:22  Drone x3  
  171  10:29  Hydralisk x2  
  171  10:30  Hydralisk x3  
  171  10:31  Zergling x4  
  171  10:33  Swarm Host  
  186  10:42  Swarm Host, Greater Spire  
  186  10:43  Swarm Host x2  
  186  10:49  Zerg Melee Weapons Level 1, Baneling Nest  
  194  11:06  Swarm Host  
  194  11:09  Overlord  
  195  11:27  Corruptor  
  195  11:28  Corruptor  
  199  11:39  Zergling x4  
  193  12:03  Corruptor, Zergling x8  
  193  12:05  Zergling x2  
  199  12:16  Brood Lord  
  199  12:17  Brood Lord  
  187  12:23  Zergling x2  
  187  12:24  Zergling x8  
  187  12:29  Zergling x4  
  167  12:30  Zergling x2  
  167  12:34  Hydralisk  
  167  12:36  Hydralisk x12, Zergling x2  
  163  12:39  Overseer x2  
  171  12:47  Hydralisk, Brood Lord  
  147  12:52  Hydralisk  
  147  12:53  Hydralisk x3  
  147  12:57  Zergling x2  
  150  12:58  Hydralisk  
  150  13:03  Drone x4  
  150  13:04  Drone  
  150  13:05  Hydralisk, Drone  
  153  13:07  Zergling x2  
  153  13:09  Drone  
  153  13:12  Drone x2  
  155  13:13  Drone x7  
  155  13:19  Drone  
  151  13:20  Hydralisk  
  153  13:28  Hatchery  
  153  13:33  Drone x4  
  156  13:43  Corruptor x2  
  156  13:44  Zergling x2  
  156  13:45  Hatchery  
  156  13:46  Drone  
  156  13:48  Spine Crawler  
  160  13:49  Spore Crawler  
  160  13:50  Spine Crawler  
  158  13:59  Zergling x2  
  158  14:01  Baneling x4  
  158  14:02  Zerg Melee Weapons Level 2, Zergling x4  
  161  14:04  Zerg Flyer Weapons Level 1  
  161  14:08  Zergling x4  
  163  14:11  Evolution Chamber  
  163  14:13  Evolution Chamber  
  161  14:22  Hydralisk  
  163  14:26  Baneling x2  
  163  14:27  Zergling x2  
  162  14:36  Drone  
  162  14:37  Drone x2  
  165  14:43  Corruptor  
  165  14:45  Corruptor  
  168  14:46  Drone  
  168  14:54  Baneling  
  168  14:55  Baneling x6  
  166  15:02  Hydralisk x11  
  166  15:05  Hatchery  
  162  15:09  Zergling x2  
  162  15:10  Zergling x4  
  158  15:15  Hydralisk x2  
  158  15:20  Hydralisk  
  157  15:22  Hydralisk  
  157  15:27  Hydralisk  
  151  15:31  Hydralisk x2  
  150  15:44  Hydralisk  
  150  15:49  Hydralisk  
  150  15:56  Drone x2  
  148  16:09  Drone  
  148  16:10  Drone  
  148  16:18  Drone x2  
Show
View Real Time Build Order
Export as new Build Order

ImmortalPasT Protoss 

Build Orders: 1 Gate Expand 

Get SALT Encoding   

  12  0:00  Probe (Chrono Boost)  
  13  0:11  Probe (Chrono Boost)  
  14  0:17  Pylon  
  14  0:22  Probe (Chrono Boost)  
  15  0:28  Assimilator  
  15  0:36  Probe (Chrono Boost)  
  16  0:44  Gateway  
  16  0:47  Probe (Chrono Boost)  
  17  0:58  Probe (Chrono Boost)  
  18  1:08  Probe (Chrono Boost)  
  19  1:22  Nexus  
  20  1:25  Probe (Chrono Boost)  
  20  1:35  Cybernetics Core  
  20  1:39  Probe (Chrono Boost)  
  21  1:47  Assimilator  
  21  1:50  Probe (Chrono Boost)  
  22  1:54  Pylon  
  22  2:00  Probe (Chrono Boost)  
  23  2:08  Adept  
  23  2:12  Warp Gate  
  23  2:14  Probe (Chrono Boost)  
  26  2:26  Twilight Council, Probe (Chrono Boost)  
  27  2:33  Adept  
  31  2:37  Probe (Chrono Boost)  
  31  2:38  Probe (Chrono Boost)  
  31  2:48  Probe (Chrono Boost)  
  31  2:49  Probe (Chrono Boost)  
  33  2:56  Resonating Glaives  
  33  2:58  Probe (Chrono Boost)  
  34  3:00  Probe (Chrono Boost)  
  35  3:09  Probe (Chrono Boost)  
  35  3:12  Probe (Chrono Boost)  
  37  3:19  Probe (Chrono Boost)  
  38  3:24  Probe (Chrono Boost)  
  39  3:30  Probe (Chrono Boost)  
  40  3:35  Gateway  
  40  3:36  Probe (Chrono Boost)  
  40  3:37  Gateway  
  40  3:40  Probe (Chrono Boost)  
  42  3:47  Adept  
  45  3:48  Probe (Chrono Boost)  
  45  3:51  Pylon, Probe (Chrono Boost)  
  46  4:01  Robotics Facility  
  46  4:08  Assimilator  
  46  4:09  Probe (Chrono Boost), Assimilator  
  48  4:11  Pylon, Probe (Chrono Boost)  
  48  4:20  Mothership Core (Chrono Boost)  
  48  4:22  Adept  
  48  4:23  Probe (Chrono Boost)  
  53  4:30  Adept  
  55  4:32  Adept  
  55  4:35  Probe (Chrono Boost)  
  58  4:38  Probe (Chrono Boost)  
  58  4:40  Pylon  
  58  4:44  Nexus, Adept  
  61  4:47  Probe (Chrono Boost)  
  61  4:50  Pylon  
  62  4:57  Warp Prism  
  62  4:58  Probe (Chrono Boost)  
  62  4:59  Probe (Chrono Boost)  
  66  5:08  Probe (Chrono Boost)  
  66  5:11  Gateway  
  66  5:12  Probe (Chrono Boost)  
  66  5:13  Gateway  
  68  5:14  Gateway  
  68  5:23  Sentry  
  68  5:24  Probe (Chrono Boost)  
  68  5:26  Probe (Chrono Boost)  
  72  5:33  Immortal  
  77  5:36  Probe x2 (Chrono Boost)  
  77  5:39  Gateway x2  
  78  5:47  Pylon  
  78  5:50  Pylon  
  78  5:56  Probe (Chrono Boost)  
  80  5:58  Probe (Chrono Boost), Sentry x3  
  80  6:00  Probe (Chrono Boost)  
  87  6:05  Pylon  
  87  6:07  Probe (Chrono Boost)  
  87  6:09  Forge  
  87  6:10  Probe x2 (Chrono Boost)  
  90  6:15  Templar Archives  
  94  6:18  Immortal  
  94  6:22  Probe (Chrono Boost)  
  94  6:23  Probe (Chrono Boost)  
  94  6:24  Probe (Chrono Boost)  
  97  6:28  Protoss Ground Weapons Level 1  
  98  6:32  Probe (Chrono Boost)  
  98  6:33  Adept x3, Sentry x2  
  98  6:36  Probe (Chrono Boost)  
  109  6:40  Adept  
  111  7:01  Adept x3  
  115  7:04  Pylon  
  115  7:07  Pylon  
  117  7:08  Pylon  
  117  7:10  Pylon  
  117  7:23  Immortal  
  121  7:34  Adept x2  
  121  7:35  Adept x5  
  129  7:50  Probe x2 (Chrono Boost)  
  125  7:54  Probe (Chrono Boost)  
  124  8:01  Photon Cannon  
  124  8:03  Pylon, High Templar x2  
  124  8:04  High Templar x3  
  124  8:05  Photon Cannon, High Templar  
  136  8:10  Archon x3  
  136  8:13  Assimilator  
  136  8:17  Assimilator  
  136  8:20  Pylon  
  136  8:21  Adept x2  
  136  8:23  Immortal  
  136  8:26  Nexus  
  140  8:28  Pylon  
  140  8:30  Pylon  
  140  8:32  Pylon  
  128  8:34  Pylon  
  128  8:39  Protoss Ground Weapons Level 2  
  126  8:49  Adept x5  
  126  8:50  Sentry x2  
  138  9:01  Photon Cannon  
  138  9:03  Photon Cannon  
  138  9:05  Photon Cannon  
  138  9:06  Pylon, Photon Cannon  
  138  9:07  Pylon  
  136  9:11  Assimilator  
  136  9:12  Adept x5  
  136  9:14  Assimilator  
  146  9:18  Psionic Storm  
  146  9:25  Pylon  
  146  9:27  Photon Cannon  
  146  9:36  Probe (Chrono Boost)  
  146  9:37  Probe x2 (Chrono Boost)  
  149  9:39  High Templar x2  
  149  9:44  Adept  
  149  9:45  Adept x4  
  144  10:19  Charge  
  144  10:21  High Templar x2  
  144  10:22  High Templar x2  
  144  10:23  Warp Prism  
  144  10:25  Probe (Chrono Boost)  
  144  10:27  Nexus, Probe x2 (Chrono Boost)  
  155  10:29  Photon Cannon  
  147  10:36  Probe (Chrono Boost)  
  147  10:38  Nexus  
  147  10:39  Probe x2 (Chrono Boost), High Templar  
  147  10:41  Zealot x3  
  158  10:46  Probe (Chrono Boost)  
  161  10:50  Assimilator  
  161  10:51  Probe x2 (Chrono Boost)  
  161  10:54  Assimilator  
  161  10:56  Pylon  
  162  10:57  Probe (Chrono Boost), High Templar x2  
  162  11:03  Probe x2 (Chrono Boost)  
  168  11:07  Probe (Chrono Boost)  
  168  11:09  Archon  
  169  11:12  Zealot x4  
  173  11:21  Zealot x2  
  173  11:23  Probe (Chrono Boost)  
  179  11:25  Probe (Chrono Boost)  
  179  11:31  Zealot  
  179  11:32  Zealot x2  
  182  11:35  Zealot  
  184  11:48  Protoss Ground Weapons Level 3  
  184  11:57  High Templar x2  
  184  11:58  High Templar x4  
  184  11:59  High Templar  
  196  12:03  Archon x3  
  196  12:04  High Templar  
  196  12:06  Warp Prism  
  200  12:09  Archon  
  174  12:36  Zealot x2  
  174  12:37  Zealot x5  
  168  12:49  Archon  
  140  13:05  Stargate  
  125  13:06  Stargate  
  125  13:07  Probe (Chrono Boost)  
  111  13:14  High Templar x3  
  111  13:15  High Templar  
  111  13:18  Stargate, Probe (Chrono Boost)  
  111  13:19  Probe x2 (Chrono Boost)  
  118  13:20  Stargate, Probe (Chrono Boost)  
  118  13:23  Immortal  
  113  13:28  Pylon  
  113  13:29  Zealot x4  
  113  13:30  Pylon  
  113  13:32  Pylon  
  109  13:48  Gateway  
  109  13:49  Gateway  
  109  13:50  Void Ray  
  109  13:52  Fleet Beacon, Gateway  
  109  13:54  High Templar x3  
  109  13:55  High Templar  
  125  13:56  Zealot x2, Gateway  
  125  13:57  Zealot x2  
  125  13:59  Gateway, Archon x2  
  125  14:01  Void Ray, Gateway  
  137  14:09  Pylon  
  137  14:10  Pylon  
  135  14:20  Zealot x4  
  140  14:28  Void Ray  
  126  14:32  Zealot x4  
  120  14:44  Void Ray  
  120  14:45  Zealot x4  
  116  15:05  Stalker  
  116  15:06  Stalker x4  
  95  15:32  Zealot x5  
  95  15:33  Zealot x3  
  101  15:38  Zealot x2  
  101  15:39  Zealot x3  
  83  15:52  Zealot x4  
  61  16:17  High Templar x3  
  51  16:24  High Templar  
  51  16:25  Archon  
  53  16:28  Archon  
Tags
 
Add a new tag
Caveats
  • Supply blocks, unpowered buildings, or Contaminate may cause inaccurate times.
  • Supply counts are checked every 10 seconds.